 Dungeon Crawl Stone Soup version 0.23.2-33-g5129a83184 (webtiles) character file.

Game seed: 12038259570422352548

166 Folque the Magician (level 5, -4/37 HPs)
             Began as a Human Ice Elementalist on July 7, 2019.
             Slain by Duvessa
             ... wielding a +0 rapier
              (17 damage)
             ... on level 4 of the Dungeon.
             The game lasted 00:07:59 (3617 turns).

Folque the Magician (Human Ice Elementalist)        Turns: 3617, Time: 00:08:00

Health: -4/37      AC:  2    Str:  8    XL:     5   Next: 76%
Magic:  11/11      EV: 12    Int: 16    God:
Gold:   168        SH:  0    Dex: 14    Spells: 2/12 levels left

rFire    . . .     SeeInvis .   s - +0 short sword (venom)
rCold    . . .     Gourm    .   (no shield)
rNeg     . . .     Faith    .   a - +0 robe
rPois    .         Spirit   .   (no helmet)
rElec    .         Reflect  .   (no cloak)
rCorr    .         Harm     .   (no gloves)
MR       .....                  (no boots)
Stlth    ++........             (no amulet)
HPRegen  0.12/turn              (no ring)
MPRegen  0.12/turn              (no ring)

@: very slightly contaminated
A: no striking features
a: no special abilities


You were on level 4 of the Dungeon.
You were not hungry.

You visited 1 branch of the dungeon, and saw 4 of its levels.

You collected 168 gold pieces.

Inventory:

Hand Weapons
 e - a +0 dagger
 j - a +0 short sword
 s - a +0 short sword of venom (weapon)
Missiles
 v - 4 javelins (quivered)
Armour
 a - a +0 robe (worn)
 q - a +2 ring mail of cold resistance
Jewellery
 f - an uncursed ring of protection from magic {unknown}
 w - a +2 ring of strength {unknown}
 x - an uncursed amulet of guardian spirit {unknown}
Wands
 t - a wand of paralysis (8)
Scrolls
 g - 8 scrolls of identify {unknown}
 i - 2 scrolls of enchant weapon {unknown}
 k - 3 scrolls of remove curse {unknown}
 l - 2 scrolls of magic mapping {unknown}
 n - a scroll of fear {unknown}
 o - a scroll of noise {unknown}
 p - a scroll of amnesia {unknown}
 y - 3 scrolls of teleportation {unknown}
Potions
 b - a potion of mutation {unknown}
 d - a potion of haste {unknown}
 m - 2 potions of magic {unknown}
 r - 2 potions of curing {unknown}
 z - a potion of degeneration {unknown}
Comestibles
 c - 6 rations
 u - 2 chunks of flesh


   Skills:
 - Level 1.3 Fighting
 - Level 2.0 Dodging
 - Level 2.0 Stealth
 - Level 4.0 Spellcasting
 - Level 1.0 Conjurations
 * Level 1.0 Summonings
 + Level 4.0 Ice Magic


You had 2 spell levels left.
You knew the following spells:

 Your Spells              Type           Power        Failure   Level  Hunger
a - Freeze                Ice            ###.         3%          1    None
b - Throw Frost           Conj/Ice       ##....       9%          2    ##.....
c - Ozocubu's Armour      Chrm/Ice       #.......     22%         3    ###....
d - Summon Ice Beast      Ice/Summ       ##......     52%         4    ####...

Your spell library contained the following spells:

 Spells                   Type           Power        Failure   Level  Hunger
 Throw Icicle             Conj/Ice       ##......     52%         4    ####...


Dungeon Overview and Level Annotations

Branches:
Dungeon (4/15)
 Temple: D:4-7

Altars:
Elyvilon

Annotations:
D:4 Dowan, Duvessa


Message History

Press: ? - help, Shift-Dir - straight line, f/p - Duvessa
Aim: Duvessa, wielding a +0 rapier and wearing a +3 leather armour of poison resistance (moderately wounded, unusually strong)
You freeze Duvessa.
Duvessa is moderately wounded.
Duvessa says, "My weaknesses are his strengths!"
Duvessa hits you with a +0 rapier!!
* * * LOW HITPOINT WARNING * * *
You are confused.
You feel invigorated. Duvessa barely misses you.
You barely miss Duvessa.
Duvessa is moderately wounded.
You hit Duvessa but do no damage.
Duvessa is moderately wounded.
You feel less invigorated.
You feel less confused. Duvessa hits you with a +0 rapier!
You hit Duvessa.
Duvessa is heavily wounded.
Duvessa hits you with a +0 rapier!
You die...

#..#......#......#
###..'......##.....#
#...##'###+###.....#
#...#........#...<.+
#...#........+.....#
#...#........#.....#
#...#........#.....#
#...#........#
#####......e@#
.....####'##
.....#.....#
..[>.#.....# ....
+.....# ... #.....#
#....## #....#
......


You could see Duvessa.

Vanquished Creatures
  Natasha (D:4)
  7 adders
  An ooze (D:1)
  4 worms
  3 dart slugs
  A leopard gecko (D:1)
  An orc (D:3)
  3 giant cockroaches
  7 goblins
  5 hobgoblins
  9 kobolds
  4 quokkas
  6 bats
  3 frilled lizards
  6 rats
61 creatures vanquished.

Notes
Turn   | Place    | Note
-------+----------+-------------------------------------------
     0 | D:1      | Folque the Human Ice Elementalist began the quest for the
                  | Orb.
     0 | D:1      | Reached XP level 1. HP: 13/13 MP: 3/3
   217 | D:1      | Reached XP level 2. HP: 16/20 MP: 5/5
   317 | D:1      | Learned a level 2 spell: Throw Frost
   544 | D:1      | Reached skill level 1 in Fighting
   544 | D:1      | Reached XP level 3. HP: 17/26 MP: 6/6
   583 | D:1      | Learned a level 3 spell: Ozocubu's Armour
  1676 | D:2      | Reached XP level 4. HP: 25/32 MP: 8/8
  2402 | D:3      | Found a white marble altar of Elyvilon.
  2743 | D:3      | Reached XP level 5. HP: 24/37 MP: 5/10
  2749 | D:3      | Learned a level 4 spell: Summon Ice Beast
  3454 | D:4      | Noticed Natasha
  3460 | D:4      | Killed Natasha
  3590 | D:4      | Reached skill level 1 in Summonings
  3600 | D:4      | Noticed Duvessa
  3600 | D:4      | Noticed Dowan
  3617 | D:4      | Slain by Duvessa

Skill      XL: |  1  2  3  4  5 |
---------------+----------------+-----
Fighting       | 1 |  1.3
Spellcasting   | 3 4 |  4.0
Ice Magic      | 4 |  4.0
Summonings     | 1 |  1.0
Dodging        | |  2.0
Stealth        | |  2.0
Conjurations   | |  1.0

Action                   |  1- 3 |  4- 6 || total
-------------------------+-------+-------++-------
Melee: Short sword       |    64 |    92 ||   156
       Dagger            |     2 |       ||     2
 Cast: Freeze            |    26 |    21 ||    47
       Throw Frost       |     3 |     5 ||     8
  Use: Potion            |       |     2 ||     2
 Stab: Sleeping          |     3 |     5 ||     8
  Eat: Chunk             |     3 |     6 ||     9
Armor: Robe              |    20 |     9 ||    29
Dodge: Dodged            |    57 |    59 ||   116
